Description

Just Vibe's B2GM for Platinum. I chose a game where he played against a greedy Zerg so got to macro pretty hard.

VOD

https://www.youtube.com/watch?v=W2Pt2uG2jIc&t=6384s

Replay - B2GM - PvZ - Platinum 1 - Game 4

Build Order

Get SALT Encoding   

  12  0:00  Probe  
  13  0:13  Probe  
  14  0:20  Pylon  
  14  0:25  Probe  
  15  0:38  Probe  
  16  0:43  Gateway  
  16  0:50  Probe (Chrono Boost)  
  16  0:52  Assimilator  
  17  0:59  Probe (Chrono Boost)  
  18  1:04  Probe (Chrono Boost)  
  19  1:16  Probe  
  20  1:28  Probe  
  20  1:31  Nexus  
  21  1:40  Probe  
  21  1:44  Cybernetics Core  
  22  1:49  Pylon  
  22  1:55  Assimilator  
  26  2:32  Warp Gate, Stalker  
  29  2:45  Gateway  
  31  2:55  Robotics Facility  
  31  2:57  Pylon  
  36  3:20  Assimilator x2  
  36  3:23  Sentry  
  39  3:31  Pylon  
  40  3:40  Stalker  
  45  3:52  Stalker  
  49  4:05  Immortal  
  55  4:13  Phoenix  
  56  4:21  Twilight Council  
  57  4:29  Pylon, Stalker  
  61  4:35  Nexus  
  64  4:53  Immortal  
  70  5:12  Stalker x2  
  75  5:20  Charge  
  76  5:26  Templar Archives  
  76  5:28  Forge  
  78  5:47  Observer  
  84  5:57  Zealot x2  
  95  6:20  Assimilator x2  
  95  6:24  Gateway x2  
  95  6:30  Gateway x4  
  97  6:40  Protoss Ground Weapons Level 1 (Chrono Boost)  
  97  6:46  Immortal (Chrono Boost), High Templar x2  
  101  6:53  Nexus  
  111  7:09  Robotics Facility  
  111  7:12  Robotics Bay  
  111  7:20  Gateway x2  
  111  7:25  High Templar x4  
  111  7:26  Zealot x2  
  111  7:28  Archon x3  
  126  7:53  Immortal (Chrono Boost), Zealot x4  
  141  8:02  Assimilator x2, Immortal (Chrono Boost)  
  145  8:22  High Templar x4  
  145  8:24  Immortal  
  145  8:25  Zealot x2  
  173  8:28  Archon x3  
  173  8:36  Photon Cannon x3  
  173  8:40  Shield Battery x2  
  173  8:42  Photon Cannon x2  
  173  8:48  Photon Cannon x2  
  173  8:52  Shield Battery  
  173  8:58  Photon Cannon  
  173  9:00  Shield Battery  
  177  9:11  Archon x3  
  177  9:28  Nexus  
  177  9:35  Protoss Ground Weapons Level 2 (Chrono Boost)  
  187  9:50  Immortal x2  
Spawning Tool Build Advisor. Get it on Overwolf

Go to:

Details

  • Created by: janpol8
  • Published on: Apr 26, 2020
  • Modified on: Apr 26, 2020
  • Patch: 4.11.0
Show
View Real Time Build Order
Export as new Build Order

Comments (0)

There are no comments. Be the first!

Create an account to comment!